Workbook
Name FX_RATE: 'Weekly Valuation'!$AC$145
Name NFEM_RATE: 'Weekly Valuation'!$AC$145

Sheet Weekly Valuation
A1: WEEKLY VALUATION REPORT OF COLLECTIVE INVESTMENT SCHEMES AS AT WEEK ENDED FRIDAY, OCTOBER 16, 2026
D2: NAV, Unit Price and Yield as at Week Ended October 9, 2026 | N2: NAV, Unit Price and Yield as at Week Ended October 16, 2026 | X2: % Change (Current from Previous) | AA2: Difference
A3: S/N | B3: FUND | C3: FUND MANAGER | D3: NAV ($) | E3: NAV (N) | F3: % to Total | G3: Bid Price ($) | H3: Bid Price (N) | I3: Offer Price ($) | J3: Offer Price (N) | K3: Unitholders | L3: Yield (WTD) | M3: Yield (YTD) | N3: NAV ($) | O3: NAV (N) | P3: % to Total | Q3: Bid Price ($) | R3: Bid Price (N) | S3: Offer Price ($) | T3: Offer Price (N) | U3: Unitholders | V3: Yield (WTD) | W3: Yield (YTD) | X3: NAV (%) | Y3: Unit Price (%) | Z3: Uniholders | AA3: Yield (%) WYD | AB3: Yield (%) YTD
B5: EQUITY BASED FUNDS
A6: 1 | B6: Afrinvest Equity Fund | C6: Afrinvest Asset Mgt Ltd. | D6: N/A | E6: 1.1734333e+10 | F6: =(E6/$E$28) -> 0.049016221 | G6: N/A | H6: 898.2183 | I6: N/A | J6: 904.3921 | K6: 1709 | L6: -0.0159 | M6: 0.4512 | N6: N/A | O6: 1.1567227e+10 | P6: =(O6/$O$28) -> 0.048415693 | Q6: N/A | R6: 893.4776 | S6: N/A | T6: 900.0518 | U6: 1709 | V6: -0.0053 | W6: 0.4435 | X6: =((O6-E6)/E6) -> -0.014240851 | Y6: =((T6-J6)/J6) -> -0.0047991352 | Z6: =((U6-K6)/K6) -> 0 | AA6: =V6-L6 -> 0.0106 | AB6: =W6-M6 -> -0.0077
A7: 2 | B7: Anchoria Equity Fund | C7: Anchoria Asset Management Limited | D7: N/A | E7: 2.2343214e+09 | F7: =(E7/$E$28) -> 0.0093331241 | G7: N/A | H7: 589.8025 | I7: N/A | J7: 598.4336 | K7: 915 | L7: 0 | M7: 0.4397 | N7: N/A | O7: 2.2973312e+09 | P7: =(O7/$O$28) -> 0.0096156914 | Q7: N/A | R7: 585.972 | S7: N/A | T7: 594.3825 | U7: 916 | V7: 0 | W7: 0.4304 | X7: =((O7-E7)/E7) -> 0.02820088 | Y7: =((T7-J7)/J7) -> -0.0067695063 | Z7: =((U7-K7)/K7) -> 0.0010928962 | AA7: =V7-L7 -> 0 | AB7: =W7-M7 -> -0.0093
A8: 3 | B8: ARM Aggressive Growth Fund | C8: ARM Investment Managers Limited | D8: N/A | E8: 1.813531e+10 | F8: =(E8/$E$28) -> 0.075754141 | G8: N/A | H8: 74.0514 | I8: N/A | J8: 76.260444 | K8: 13252 | L8: -0.2607 | M8: 0.3977 | N8: N/A | O8: 1.8121497e+10 | P8: =(O8/$O$28) -> 0.075849196 | Q8: N/A | R8: 74.2266 | S8: N/A | T8: 76.440844 | U8: 13283 | V8: 0.0024 | W8: 0.401 | X8: =((O8-E8)/E8) -> -0.00076164736 | Y8: =((T8-J8)/J8) -> 0.0023655776 | Z8: =((U8-K8)/K8) -> 0.0023392695 | AA8: =V8-L8 -> 0.2631 | AB8: =W8-M8 -> 0.0033
A9: 4 | B9: AXA Mansard Equity Income Fund | C9: AXA Mansard Investments Limited | D9: N/A | E9: 3.8962022e+09 | F9: =(E9/$E$28) -> 0.016275071 | G9: N/A | H9: 362.7422 | I9: N/A | J9: 362.7422 | K9: 3004 | L9: -0.0059368291 | M9: 0.4334 | N9: N/A | O9: 3.8596601e+09 | P9: =(O9/$O$28) -> 0.016154963 | Q9: N/A | R9: 359.4588 | S9: N/A | T9: 359.4588 | U9: 3013 | V9: -0.0091 | W9: 0.4205 | X9: =((O9-E9)/E9) -> -0.0093789075 | Y9: =((T9-J9)/J9) -> -0.0090516075 | Z9: =((U9-K9)/K9) -> 0.0029960053 | AA9: =V9-L9 -> -0.0031631709 | AB9: =W9-M9 -> -0.0129
A10: 5 | B10: CardinalStone Equity Fund | C10: CardinalStone Asset Mgt. Limited | D10: N/A | E10: 1.3832612e+10 | F10: =(E10/$E$28) -> 0.057781074 | G10: N/A | H10: 2.9998 | I10: N/A | J10: 3.0385 | K10: 3584 | L10: -0.0074 | M10: 0.622 | N10: N/A | O10: 1.3811027e+10 | P10: =(O10/$O$28) -> 0.057807327 | Q10: N/A | R10: 2.994 | S10: N/A | T10: 3.032 | U10: 3629 | V10: -0.002 | W10: 0.6187 | X10: =((O10-E10)/E10) -> -0.0015604611 | Y10: =((T10-J10)/J10) -> -0.0021392134 | Z10: =((U10-K10)/K10) -> 0.012555804 | AA10: =V10-L10 -> 0.0054 | AB10: =W10-M10 -> -0.0033
A11: 6 | B11: Coronation Equity Fund | C11: Coronation Asset Management Limited | D11: N/A | E11: 9.6090546e+08 | F11: =(E11/$E$28) -> 0.0040138585 | G11: N/A | H11: 1.0029 | I11: N/A | J11: 1.0306 | K11: 888 | L11: -0.01269935 | M11: 0.01675 | N11: N/A | O11: 9.6255527e+08 | P11: =(O11/$O$28) -> 0.0040288638 | Q11: N/A | R11: 1.0011 | S11: N/A | T11: 1.0287 | U11: 891 | V11: -0.0017947951 | W11: 0.0149 | X11: =((O11-E11)/E11) -> 0.00171693 | Y11: =((T11-J11)/J11) -> -0.0018435863 | Z11: =((U11-K11)/K11) -> 0.0033783784 | AA11: =V11-L11 -> 0.010904555 | AB11: =W11-M11 -> -0.00185
A12: 7 | B12: Cowry Equity Fund | C12: Cowry Treasurers Limited | D12: N/A | E12: 8.8639171e+08 | F12: =(E12/$E$28) -> 0.0037026025 | G12: N/A | H12: 344.1832 | I12: N/A | J12: 346.6628 | K12: 367 | L12: -0.00204 | M12: 0.6075 | N12: N/A | O12: 9.3359032e+08 | P12: =(O12/$O$28) -> 0.0039076283 | Q12: N/A | R12: 343.277 | S12: N/A | T12: 345.6124 | U12: 371 | V12: -0.000193 | W12: 0.6033 | X12: =((O12-E12)/E12) -> 0.05324803 | Y12: =((T12-J12)/J12) -> -0.0030300338 | Z12: =((U12-K12)/K12) -> 0.010899183 | AA12: =V12-L12 -> 0.001847 | AB12: =W12-M12 -> -0.0042
A13: 8 | B13: FCMBAM Equity Fund | C13: FCMB Asset Management Limited | D13: N/A | E13: 4.3433945e+09 | F13: =(E13/$E$28) -> 0.018143066 | G13: N/A | H13: 8.39 | I13: N/A | J13: 8.54 | K13: 3859 | L13: 0.0431 | M13: 0.5136 | N13: N/A | O13: 4.3050568e+09 | P13: =(O13/$O$28) -> 0.018019212 | Q13: N/A | R13: 8.33 | S13: N/A | T13: 8.49 | U13: 3856 | V13: 0.0366 | W13: 0.5041 | X13: =((O13-E13)/E13) -> -0.0088266581 | Y13: =((T13-J13)/J13) -> -0.0058548009 | Z13: =((U13-K13)/K13) -> -0.00077740347 | AA13: =V13-L13 -> -0.0065 | AB13: =W13-M13 -> -0.0095
A14: 9 | B14: First Asset Nigeria Smart Beta Equity Fund | C14: First Asset Management Limited | D14: N/A | E14: 6.7008885e+09 | F14: =(E14/$E$28) -> 0.027990702 | G14: N/A | H14: 590.68 | I14: N/A | J14: 598.44 | K14: 2336 | L14: -0.0085 | M14: 0.303 | N14: N/A | O14: 6.5143016e+09 | P14: =(O14/$O$28) -> 0.02726621 | Q14: N/A | R14: 588.98 | S14: N/A | T14: 596.91 | U14: 2337 | V14: -0.0027 | W14: 0.2992 | X14: =((O14-E14)/E14) -> -0.027845098 | Y14: =((T14-J14)/J14) -> -0.0025566473 | Z14: =((U14-K14)/K14) -> 0.00042808219 | AA14: =V14-L14 -> 0.0058 | AB14: =W14-M14 -> -0.0038
A15: 10 | B15: Frontier Fund | C15: SCM Capital Limited | D15: N/A | E15: 6.7991486e+08 | F15: =(E15/$E$28) -> 0.0028401151 | G15: N/A | H15: 338.79 | I15: N/A | J15: 347.26 | K15: 2472 | L15: -0.0109 | M15: 0.3406 | N15: N/A | O15: 6.2577231e+08 | P15: =(O15/$O$28) -> 0.0026192277 | Q15: N/A | R15: 304.52 | S15: N/A | T15: 312.35 | U15: 2472 | V15: -0.1011 | W15: 0.205 | X15: =((O15-E15)/E15) -> -0.079631365 | Y15: =((T15-J15)/J15) -> -0.10052986 | Z15: =((U15-K15)/K15) -> 0 | AA15: =V15-L15 -> -0.0902 | AB15: =W15-M15 -> -0.1356
A16: 11 | B16: Futureview Equity Fund | C16: Futureview Asset Management Limited | D16: N/A | E16: 2.0917548e+08 | F16: =(E16/$E$28) -> 0.00087376002 | G16: N/A | H16: 511.5268 | I16: N/A | J16: 527.9245 | K16: 84 | L16: -0.0106 | M16: 0.6141 | N16: N/A | O16: 2.0474457e+08 | P16: =(O16/$O$28) -> 0.00085697725 | Q16: N/A | R16: 507.7423 | S16: N/A | T16: 524.2273 | U16: 86 | V16: -0.0072 | W16: 0.6025 | X16: =((O16-E16)/E16) -> -0.021182745 | Y16: =((T16-J16)/J16) -> -0.0070032741 | Z16: =((U16-K16)/K16) -> 0.023809524 | AA16: =V16-L16 -> 0.0034 | AB16: =W16-M16 -> -0.0116
A17: 12 | B17: Guaranty Trust Equity Income Fund | C17: Guaranty Trust Fund Managers | D17: N/A | E17: 1.9997223e+10 | F17: =(E17/$E$28) -> 0.083531656 | G17: N/A | H17: 5.562255 | I17: N/A | J17: 5.668421 | K17: 21291 | L17: -0.015278592 | M17: 0.39812129 | N17: N/A | O17: 1.9924972e+10 | P17: =(O17/$O$28) -> 0.083397807 | Q17: N/A | R17: 5.583849 | S17: N/A | T17: 5.693216 | U17: 23765 | V17: 0.0038822384 | W17: 0.40354913 | X17: =((O17-E17)/E17) -> -0.0036130508 | Y17: =((T17-J17)/J17) -> 0.004374234 | Z17: =((U17-K17)/K17) -> 0.11619933 | AA17: =V17-L17 -> 0.019160831 | AB17: =W17-M17 -> 0.0054278402
... A19: 14 | B19: Meristem Equity Market Fund | C19: Meristem Wealth Management Limited | D19: N/A | E19: 8.8741558e+09 | F19: =(E19/$E$28) -> 0.037068793 | G19: N/A | H19: 47.611367 | I19: N/A | J19: 47.847549 | K19: 2410 | L19: -0.004 | M19: 0.4623 | N19: N/A | O19: 8.6918791e+09 | P19: =(O19/$O$28) -> 0.036380661 | Q19: N/A | R19: 46.975499 | S19: N/A | T19: 47.246593 | U19: 2401 | V19: -0.0133 | W19: 0.521 | X19: =((O19-E19)/E19) -> -0.02054017 | Y19: =((T19-J19)/J19) -> -0.012559815 | Z19: =((U19-K19)/K19) -> -0.0037344398 | AA19: =V19-L19 -> -0.0093 | AB19: =W19-M19 -> 0.0587
A20: 15 | B20: PACAM Equity Fund | C20: PAC Asset Management Limited | D20: N/A | E20: 4.0756631e+08 | F20: =(E20/$E$28) -> 0.0017024708 | G20: N/A | H20: 2.99 | I20: N/A | J20: 3.03 | K20: 53 | L20: -0.0059791406 | M20: 0.4159 | N20: N/A | O20: 4.0390504e+08 | P20: =(O20/$O$28) -> 0.0016905818 | Q20: N/A | R20: 2.83 | S20: N/A | T20: 2.86 | U20: 55 | V20: -0.0035316834 | W20: 0.52073664 | X20: =((O20-E20)/E20) -> -0.0089832431 | Y20: =((T20-J20)/J20) -> -0.056105611 | Z20: =((U20-K20)/K20) -> 0.037735849 | AA20: =V20-L20 -> 0.0024474572 | AB20: =W20-M20 -> 0.10483664 | AH20: `
A21: 16 | B21: Paramount Equity Fund | C21: Chapel Hill Denham Mgt. Limited | D21: N/A | E21: 2.3090345e+10 | F21: =(E21/$E$28) -> 0.09645213 | G21: N/A | H21: 74.2827 | I21: N/A | J21: 74.6954 | K21: 23494 | L21: -0.0302 | M21: 0.5647 | N21: N/A | O21: 2.3066817e+10 | P21: =(O21/$O$28) -> 0.096548286 | Q21: N/A | R21: 73.5659 | S21: N/A | T21: 73.6393 | U21: 24037 | V21: -0.0146 | W21: 0.6173 | X21: =((O21-E21)/E21) -> -0.0010189755 | Y21: =((T21-J21)/J21) -> -0.014138756 | Z21: =((U21-K21)/K21) -> 0.023112284 | AA21: =V21-L21 -> 0.0156 | AB21: =W21-M21 -> 0.0526
A22: 17 | B22: Parthian Equity Fund | C22: Parthian Capital Limited | D22: N/A | E22: 1.1950186e+08 | F22: =(E22/$E$28) -> 0.00049917872 | G22: N/A | H22: 1.056514 | I22: N/A | J22: 1.060514 | K22: 221 | L22: -0.0099 | M22: 0.0573 | N22: N/A | O22: 1.1637466e+08 | P22: =(O22/$O$28) -> 0.00048709686 | Q22: N/A | R22: 1.0615591 | S22: N/A | T22: 1.0655591 | U22: 228 | V22: 0.0051 | W22: 0.0624 | X22: =((O22-E22)/E22) -> -0.026168636 | Y22: =((T22-J22)/J22) -> 0.0047571618 | Z22: =((U22-K22)/K22) -> 0.031674208 | AA22: =V22-L22 -> 0.015 | AB22: =W22-M22 -> 0.0051
A23: 18 | B23: Stanbic IBTC Aggressive Fund (Sub Fund) | C23: Stanbic IBTC Asset Mgt. Limited | D23: N/A | E23: 4.3154606e+09 | F23: =(E23/$E$28) -> 0.018026382 | G23: N/A | H23: 17630.09 | I23: N/A | J23: 17841.03 | K23: 90 | L23: -0.0134 | M23: 0.3872 | N23: N/A | O23: 4.3588174e+09 | P23: =(O23/$O$28) -> 0.018244232 | Q23: N/A | R23: 17572.86 | S23: N/A | T23: 17774.6 | U23: 91 | V23: -0.0037234397 | W23: 0.38201774 | X23: =((O23-E23)/E23) -> 0.010046834 | Y23: =((T23-J23)/J23) -> -0.0037234397 | Z23: =((U23-K23)/K23) -> 0.011111111 | AA23: =V23-L23 -> 0.0096765603 | AB23: =W23-M23 -> -0.0051822631
A24: 19 | B24: Stanbic IBTC Nigerian Equity Fund | C24: Stanbic IBTC Asset Mgt. Limited | D24: N/A | E24: 6.7088893e+10 | F24: =(E24/$E$28) -> 0.28024123 | G24: N/A | H24: 61576.05 | I24: N/A | J24: 62386.51 | K24: 36529 | L24: -0.0104 | M24: 0.4415 | N24: N/A | O24: 6.6527157e+10 | P24: =(O24/$O$28) -> 0.27845555 | Q24: N/A | R24: 61291.99 | S24: N/A | T24: 62095.62 | U24: 36703 | V24: -0.0046627067 | W24: 0.43481196 | X24: =((O24-E24)/E24) -> -0.0083730121 | Y24: =((T24-J24)/J24) -> -0.0046627067 | Z24: =((U24-K24)/K24) -> 0.0047633387 | AA24: =V24-L24 -> 0.0057372933 | AB24: =W24-M24 -> -0.006688036
A25: 20 | B25: United Capital Equity Fund | C25: United Capital Asset Mgt. Ltd | D25: N/A | E25: 1.5210126e+10 | F25: =(E25/$E$28) -> 0.063535173 | G25: N/A | H25: 2.46113 | I25: N/A | J25: 2.48649 | K25: 11848 | L25: -0.0077 | M25: 0.2817 | N25: N/A | O25: 1.5576731e+10 | P25: =(O25/$O$28) -> 0.065197843 | Q25: N/A | R25: 2.52 | S25: N/A | T25: 2.55 | U25: 11848 | V25: 0.0233 | W25: 0.5036 | X25: =((O25-E25)/E25) -> 0.024102695 | Y25: =((T25-J25)/J25) -> 0.025542029 | Z25: =((U25-K25)/K25) -> 0 | AA25: =V25-L25 -> 0.031 | AB25: =W25-M25 -> 0.2219
A26: 21 | B26: Zedcrest Equity Fund | C26: Zedcrest Investment Managers Limited | D26: N/A | E26: 1.1443194e+10 | F26: =(E26/$E$28) -> 0.047800085 | G26: N/A | H26: 1.96 | I26: N/A | J26: 1.98 | K26: 7881 | L26: -0.042609 | M26: 0.925866 | N26: N/A | O26: 1.1976075e+10 | P26: =(O26/$O$28) -> 0.050126964 | Q26: N/A | R26: 2.03 | S26: N/A | T26: 2.06 | U26: 8073 | V26: 0.039062 | W26: 1.001006 | X26: =((O26-E26)/E26) -> 0.046567452 | Y26: =((T26-J26)/J26) -> 0.04040404 | Z26: =((U26-K26)/K26) -> 0.024362391 | AA26: =V26-L26 -> 0.081671 | AB26: =W26-M26 -> 0.07514
A27: 22 | B27: Zrosk Magna Equity Fund | C27: Zrosk Investment Management Limited | D27: N/A | E27: 2.4697918e+10 | F27: =(E27/$E$28) -> 0.10316723 | G27: N/A | H27: 366.89 | I27: N/A | J27: 373.13 | K27: 219 | L27: -0.0103 | M27: 0.7371 | N27: N/A | O27: 2.4505378e+10 | P27: =(O27/$O$28) -> 0.10256952 | Q27: N/A | R27: 360.11 | S27: N/A | T27: 366.23 | U27: 224 | V27: -0.0185 | W27: 0.705 | X27: =((O27-E27)/E27) -> -0.0077958379 | Y27: =((T27-J27)/J27) -> -0.018492215 | Z27: =((U27-K27)/K27) -> 0.02283105 | AA27: =V27-L27 -> -0.0082 | AB27: =W27-M27 -> -0.0321
C28: Sub-Total | D28: N/A | E28: =SUM(E6:E27) -> 2.3939694e+11 | F28: =(E28/E272) -> 0.024137395 | K28: =SUM(K6:K27) -> 136930 | M28: 0 | N28: N/A | O28: =SUM(O6:O27) -> 2.3891482e+11 | P28: =(O28/O272) -> 0.023890961 | U28: =SUM(U6:U27) -> 140415 | X28: =((O28-E28)/E28) -> -0.0020138985 | Y28: =((T28-J28)/J28) -> #DIV/0! | Z28: =((U28-K28)/K28) -> 0.02545096 | AA28: =V28-L28 -> 0 | AB28: =W28-M28 -> 0
A31: 23 | B31: Afrinvest Plutus Fund | C31: Afrinvest Asset Mgt Ltd. | D31: N/A | E31: 6.854842e+09 | F31: =(E31/$O$81) -> 0.001009951 | G31: N/A | H31: 100 | I31: N/A | J31: 100 | K31: 926 | L31: 0.1558 | M31: 0.1558 | N31: N/A | O31: 6.9563797e+09 | P31: =(O31/$O$81) -> 0.0010249109 | Q31: N/A | R31: 100 | S31: N/A | T31: 100 | U31: 924 | V31: 0.1532 | W31: 0.1532 | X31: =((O31-E31)/E31) -> 0.014812555 | Y31: =((T31-J31)/J31) -> 0 | Z31: =((U31-K31)/K31) -> -0.0021598272 | AA31: =V31-L31 -> -0.0026 | AB31: =W31-M31 -> -0.0026
A32: 24 | B32: AIICO Money Market Fund | C32: AIICO Capital Ltd | D32: N/A | E32: 4.7422757e+10 | F32: =(E32/$O$81) -> 0.0069869823 | G32: N/A | H32: 100 | I32: N/A | J32: 100 | K32: 5821 | L32: 0.1691 | M32: 0.1691 | N32: N/A | O32: 4.9040012e+10 | P32: =(O32/$O$81) -> 0.0072252589 | Q32: N/A | R32: 100 | S32: N/A | T32: 100 | U32: 5867 | V32: 0.1649 | W32: 0.1649 | X32: =((O32-E32)/E32) -> 0.034102938 | Y32: =((T32-J32)/J32) -> 0 | Z32: =((U32-K32)/K32) -> 0.0079024223 | AA32: =V32-L32 -> -0.0042 | AB32: =W32-M32 -> -0.0042
A33: 25 | B33: Alpha10 Money Market Fund | C33: Alpha10 Fund Management Limited | D33: N/A | E33: 3.190361e+09 | F33: =(E33/$O$81) -> 0.0004700485 | G33: N/A | H33: 1 | I33: N/A | J33: 1 | K33: 331 | L33: 0.17065 | M33: 0.17065 | N33: N/A | O33: 4160078806 | P33: =(O33/$O$81) -> 0.00061292086 | Q33: N/A | R33: 1 | S33: N/A | T33: 1 | U33: 335 | V33: 0.1782 | W33: 0.1782 | X33: =((O33-E33)/E33) -> 0.30395238 | Y33: =((T33-J33)/J33) -> 0 | Z33: =((U33-K33)/K33) -> 0.012084592 | AA33: =V33-L33 -> 0.00755 | AB33: =W33-M33 -> 0.00755
A34: 26 | B34: Anchoria Money Market Fund | C34: Anchoria Asset Management Limited | D34: N/A | E34: 5.6796881e+09 | F34: =(E34/$O$81) -> 0.00083681091 | G34: N/A | H34: 100 | I34: N/A | J34: 100 | K34: 3089 | L34: 0.179 | M34: 0.179 | N34: N/A | O34: 5.4249785e+09 | P34: =(O34/$O$81) -> 0.00079928353 | Q34: N/A | R34: 100 | S34: N/A | T34: 100 | U34: 3100 | V34: 0.177 | W34: 0.177 | X34: =((O34-E34)/E34) -> -0.044845716 | Y34: =((T34-J34)/J34) -> 0 | Z34: =((U34-K34)/K34) -> 0.003561023 | AA34: =V34-L34 -> -0.002 | AB34: =W34-M34 -> -0.002
A35: 27 | B35: Apel Wealth Money Market Fund | C35: Apel Wealth Management Limited | D35: N/A | E35: 2.0844801e+09 | F35: =(E35/$O$81) -> 0.00030711469 | G35: N/A | H35: 100 | I35: N/A | J35: 100 | K35: 235 | L35: 0.18419 | M35: 0.18419 | N35: N/A | O35: 2.1003387e+09 | P35: =(O35/$O$81) -> 0.0003094512 | Q35: N/A | R35: 100 | S35: N/A | T35: 100 | U35: 241 | V35: 0.185319 | W35: 0.185319 | X35: =((O35-E35)/E35) -> 0.0076079505 | Y35: =((T35-J35)/J35) -> 0 | Z35: =((U35-K35)/K35) -> 0.025531915 | AA35: =V35-L35 -> 0.001129 | AB35: =W35-M35 -> 0.001129
A36: 28 | B36: ARM Money Market Fund | C36: ARM Investment Managers Limited | D36: N/A | E36: 4.6092275e+11 | F36: =(E36/$O$81) -> 0.067909572 | G36: N/A | H36: 1 | I36: N/A | J36: 1 | K36: 91328 | L36: 0.1672 | M36: 0.1672 | N36: N/A | O36: 4.628359e+11 | P36: =(O36/$O$81) -> 0.068191443 | Q36: N/A | R36: 1 | S36: N/A | T36: 1 | U36: 91500 | V36: 0.1666 | W36: 0.1666 | X36: =((O36-E36)/E36) -> 0.0041506787 | Y36: =((T36-J36)/J36) -> 0 | Z36: =((U36-K36)/K36) -> 0.0018833217 | AA36: =V36-L36 -> -0.0006 | AB36: =W36-M36 -> -0.0006
A37: 29 | B37: AVA GAM Money Market Fund | C37: AVA Global Asset Managers Limited | D37: N/A | E37: 3.3835122e+09 | F37: =(E37/$O$81) -> 0.00049850623 | G37: N/A | H37: 1 | I37: N/A | J37: 1 | K37: 503 | L37: 0.175 | M37: 0.175 | N37: N/A | O37: 3.5713513e+09 | P37: =(O37/$O$81) -> 0.00052618132 | Q37: N/A | R37: 1 | S37: N/A | T37: 1 | U37: 508 | V37: 0.165 | W37: 0.165 | X37: =((O37-E37)/E37) -> 0.055516033 | Y37: =((T37-J37)/J37) -> 0 | Z37: =((U37-K37)/K37) -> 0.0099403579 | AA37: =V37-L37 -> -0.01 | AB37: =W37-M37 -> -0.01
A38: 30 | B38: AXA Mansard Money Market Fund | C38: AXA Mansard Investments Limited | D38: N/A | E38: 1.7848771e+11 | F38: =(E38/$O$81) -> 0.0262973 | G38: N/A | H38: 1 | I38: N/A | J38: 1 | K38: 42600 | L38: 0.1506685 | M38: 0.1506685 | N38: N/A | O38: 1.7860011e+11 | P38: =(O38/$O$81) -> 0.02631386 | Q38: N/A | R38: 1 | S38: N/A | T38: 1 | U38: 42702 | V38: 0.15950123 | W38: 0.15950123 | X38: =((O38-E38)/E38) -> 0.00062972694 | Y38: =((T38-J38)/J38) -> 0 | Z38: =((U38-K38)/K38) -> 0.0023943662 | AA38: =V38-L38 -> 0.0088327326 | AB38: =W38-M38 -> 0.0088327326
A39: 31 | B39: CardinalStone Money Market Fund | C39: CardinalStone Asset Mgt. Limited | D39: N/A | E39: 4.4962235e+10 | F39: =(E39/$O$81) -> 0.0066244639 | G39: N/A | H39: 1 | I39: N/A | J39: 1 | K39: 2963 | L39: 0.188 | M39: 0.188 | N39: N/A | O39: 4.486213e+10 | P39: =(O39/$O$81) -> 0.0066097151 | Q39: N/A | R39: 1 | S39: N/A | T39: 1 | U39: 3012 | V39: 0.1975 | W39: 0.1975 | X39: =((O39-E39)/E39) -> -0.002226422 | Y39: =((T39-J39)/J39) -> 0 | Z39: =((U39-K39)/K39) -> 0.016537293 | AA39: =V39-L39 -> 0.0095 | AB39: =W39-M39 -> 0.0095
A40: 32 | B40: Chapel Hill Denham Money Market Fund | C40: Chapel Hill Denham Mgt. Limited | D40: N/A | E40: 5.1633164e+10 | F40: =(E40/$O$81) -> 0.0076073183 | G40: N/A | H40: 100 | I40: N/A | J40: 100 | K40: 21207 | L40: 0.1853 | M40: 0.1853 | N40: N/A | O40: 5.3329807e+10 | P40: =(O40/$O$81) -> 0.0078572913 | Q40: N/A | R40: 100 | S40: N/A | T40: 100 | U40: 22081 | V40: 0.1806 | W40: 0.1806 | X40: =((O40-E40)/E40) -> 0.032859547 | Y40: =((T40-J40)/J40) -> 0 | Z40: =((U40-K40)/K40) -> 0.041212807 | AA40: =V40-L40 -> -0.0047 | AB40: =W40-M40 -> -0.0047
A41: 33 | B41: Comercio Partners Money Market Fund | C41: Comercio Partners Asset Management Limited | D41: N/A | E41: 3.6596626e+09 | F41: =(E41/$O$81) -> 0.00053919256 | G41: N/A | H41: 1 | I41: N/A | J41: 1 | K41: 943 | L41: 0.1912 | M41: 0.1912 | N41: N/A | O41: 3.8326374e+09 | P41: =(O41/$O$81) -> 0.00056467763 | Q41: N/A | R41: 1 | S41: N/A | T41: 1 | U41: 946 | V41: 0.1901 | W41: 0.1901 | X41: =((O41-E41)/E41) -> 0.047265242 | Y41: =((T41-J41)/J41) -> 0 | Z41: =((U41-K41)/K41) -> 0.0031813362 | AA41: =V41-L41 -> -0.0011 | AB41: =W41-M41 -> -0.0011
A42: 34 | B42: Coral Money Market Fund | C42: FSDH Asset Management Ltd | D42: N/A | E42: 1.2119765e+11 | F42: =(E42/$O$81) -> 0.017856529 | G42: N/A | H42: 100 | I42: N/A | J42: 100 | K42: 6823 | L42: 0.18107822 | M42: 0.18107822 | N42: N/A | O42: 1.2291977e+11 | P42: =(O42/$O$81) -> 0.018110256 | Q42: N/A | R42: 100 | S42: N/A | T42: 100 | U42: 6837 | V42: 0.18711152 | W42: 0.18711152 | X42: =((O42-E42)/E42) -> 0.014209231 | Y42: =((T42-J42)/J42) -> 0 | Z42: =((U42-K42)/K42) -> 0.0020518833 | AA42: =V42-L42 -> 0.0060332953 | AB42: =W42-M42 -> 0.0060332953
... A80: 72 | B80: Zenith Money Market Fund | C80: Zenith Asset Management Ltd | D80: N/A | E80: 1.6991362e+11 | F80: =(E80/$O$81) -> 0.025034046 | G80: N/A | H80: 1 | I80: N/A | J80: 1 | K80: 9800 | L80: 0.1588 | M80: 0.1588 | N80: N/A | O80: 1.6978082e+11 | P80: =(O80/$O$81) -> 0.02501448 | Q80: N/A | R80: 1 | S80: N/A | T80: 1 | U80: 9826 | V80: 0.1577 | W80: 0.1577 | X80: =((O80-E80)/E80) -> -0.00078159669 | Y80: =((T80-J80)/J80) -> 0 | Z80: =((U80-K80)/K80) -> 0.0026530612 | AA80: =V80-L80 -> -0.0011 | AB80: =W80-M80 -> -0.0011
C81: Sub-Total | D81: N/A | E81: =SUM(E31:E80) -> 6.7177409e+12 | F81: =(E81/E272) -> 0.67732177 | G81: N/A | K81: =SUM(K31:K80) -> 927990 | O81: =SUM(O31:O80) -> 6.7873017e+12 | P81: =(O81/O272) -> 0.67871536 | U81: =SUM(U31:U80) -> 948511 | X81: =((O81-E81)/E81) -> 0.010354796 | Y81: =((T81-J81)/J81) -> #DIV/0! | Z81: =((U81-K81)/K81) -> 0.022113385 | AA81: =V81-L81 -> 0 | AB81: =W81-M81 -> 0
A84: 73 | B84: Anchoria Fixed Income Fund | C84: Anchoria Asset Management Limited | D84: N/A | E84: 1.3724039e+09 | F84: =(E84/$E$122) -> 0.0059432795 | G84: N/A | H84: 1.9144 | I84: N/A | J84: 1.9144 | K84: 586 | L84: 0 | M84: 0.1468 | N84: N/A | O84: 1.3559446e+09 | P84: =(O84/$O$122) -> 0.0058522838 | Q84: N/A | R84: 1.8916 | S84: N/A | T84: 1.8916 | U84: 588 | V84: 0 | W84: 0.1332 | X84: =((O84-E84)/E84) -> -0.01199304 | Y84: =((T84-J84)/J84) -> -0.011909737 | Z84: =((U84-K84)/K84) -> 0.0034129693 | AA84: =V84-L84 -> 0 | AB84: =W84-M84 -> -0.0136
A85: 74 | B85: ARM Fixed Income Fund | C85: ARM Investment Managers Limited | D85: N/A | E85: 1.3321958e+09 | F85: =(E85/$E$122) -> 0.0057691559 | G85: N/A | H85: 1.462 | I85: N/A | J85: 1.462 | K85: 1684 | L85: 0.0894 | M85: 0.1275 | N85: N/A | O85: 1.3332349e+09 | P85: =(O85/$O$122) -> 0.0057542682 | Q85: N/A | R85: 1.4601 | S85: N/A | T85: 1.4601 | U85: 1691 | V85: 0.0679 | W85: 0.1262 | X85: =((O85-E85)/E85) -> 0.00077995933 | Y85: =((T85-J85)/J85) -> -0.0012995896 | Z85: =((U85-K85)/K85) -> 0.0041567696 | AA85: =V85-L85 -> -0.0215 | AB85: =W85-M85 -> -0.0013
A86: 75 | B86: ARM Short Term Bond Fund | C86: ARM Investment Managers Limited | D86: N/A | E86: 7.5259866e+08 | F86: =(E86/$E$122) -> 0.0032591748 | G86: N/A | H86: 1.3045 | I86: N/A | J86: 1.3045 | K86: 998 | L86: 0.1242 | M86: 0.134 | N86: N/A | O86: 7.5161472e+08 | P86: =(O86/$O$122) -> 0.003243984 | Q86: N/A | R86: 1.3064 | S86: N/A | T86: 1.3064 | U86: 1015 | V86: 0.0759 | W86: 0.1328 | X86: =((O86-E86)/E86) -> -0.0013073942 | Y86: =((T86-J86)/J86) -> 0.0014564967 | Z86: =((U86-K86)/K86) -> 0.017034068 | AA86: =V86-L86 -> -0.0483 | AB86: =W86-M86 -> -0.0012
A87: 76 | B87: AVA GAM Fixed Income Fund | C87: AVA Global Asset Managers Limited | D87: N/A | E87: 3.635051e+08 | F87: =(E87/$E$122) -> 0.0015741812 | G87: N/A | H87: 1441.1 | I87: N/A | J87: 1441.1 | K87: 98 | L87: 0.0035 | M87: 0.2318 | N87: N/A | O87: 3.6168009e+08 | P87: =(O87/$O$122) -> 0.0015610184 | Q87: N/A | R87: 1430.17 | S87: N/A | T87: 1430.17 | U87: 98 | V87: 0.0082 | W87: 0.2142 | X87: =((O87-E87)/E87) -> -0.0050205892 | Y87: =((T87-J87)/J87) -> -0.0075844841 | Z87: =((U87-K87)/K87) -> 0 | AA87: =V87-L87 -> 0.0047 | AB87: =W87-M87 -> -0.0176
A88: 77 | B88: CardinalStone Fixed Income Alpha Fund | C88: CardinalStone Asset Mgt. Limited | D88: N/A | E88: 1.9251664e+09 | F88: =(E88/$E$122) -> 0.0083370516 | G88: N/A | H88: 1.1539 | I88: N/A | J88: 1.1539 | K88: 1232 | L88: -0.0045 | M88: 0.1359 | N88: N/A | O88: 1.8741827e+09 | P88: =(O88/$O$122) -> 0.0080890096 | Q88: N/A | R88: 1.1467 | S88: N/A | T88: 1.1467 | U88: 1249 | V88: -0.0062 | W88: 0.1296 | X88: =((O88-E88)/E88) -> -0.026482783 | Y88: =((T88-J88)/J88) -> -0.0062397088 | Z88: =((U88-K88)/K88) -> 0.013798701 | AA88: =V88-L88 -> -0.0017 | AB88: =W88-M88 -> -0.0063
A89: 78 | B89: CEAT Fixed Income Fund | C89: Capital Express Asset and Trust Limited | D89: N/A | E89: 5.3638284e+08 | F89: =(E89/$E$122) -> 0.0023228388 | G89: N/A | H89: 3.0628 | I89: N/A | J89: 3.0628 | K89: 1383 | L89: 0.0597 | M89: 0.1525 | N89: N/A | O89: 5.3697903e+08 | P89: =(O89/$O$122) -> 0.0023176121 | Q89: N/A | R89: 3.0662 | S89: N/A | T89: 3.0662 | U89: 1383 | V89: 0.0579 | W89: 0.1504 | X89: =((O89-E89)/E89) -> 0.0011115074 | Y89: =((T89-J89)/J89) -> 0.0011100953 | Z89: =((U89-K89)/K89) -> 0 | AA89: =V89-L89 -> -0.0018 | AB89: =W89-M89 -> -0.0021
A90: 79 | B90: CFG AM Fixed Income Naira Fund | C90: CFG Asset Management Limited | D90: N/A | E90: 5.909367e+09 | F90: =(E90/$E$122) -> 0.025590877 | G90: N/A | H90: 1296.388 | I90: N/A | J90: 1296.388 | K90: 527 | L90: 0.00201 | M90: 0.15851 | N90: N/A | O90: 5.9112073e+09 | P90: =(O90/$O$122) -> 0.025512888 | Q90: N/A | R90: 1300.9887 | S90: N/A | T90: 1300.9887 | U90: 532 | V90: 0.00275 | W90: 0.15262 | X90: =((O90-E90)/E90) -> 0.00031142021 | Y90: =((T90-J90)/J90) -> 0.0035488293 | Z90: =((U90-K90)/K90) -> 0.009487666 | AA90: =V90-L90 -> 0.00074 | AB90: =W90-M90 -> -0.00589
A91: 80 | B91: Comercio Partners Fixed Income Fund | C91: Comercio Partners Asset Management Limited | D91: N/A | E91: 2.0323161e+08 | F91: =(E91/$E$122) -> 0.00088010697 | G91: N/A | H91: 12.135 | I91: N/A | J91: 12.1767 | K91: 47 | L91: -0.004467 | M91: 0.123905 | N91: N/A | O91: 2.0298426e+08 | P91: =(O91/$O$122) -> 0.00087608409 | Q91: N/A | R91: 12.1202 | S91: N/A | T91: 12.1537 | U91: 47 | V91: -0.002093 | W91: 0.119215 | X91: =((O91-E91)/E91) -> -0.0012170772 | Y91: =((T91-J91)/J91) -> -0.0018888533 | Z91: =((U91-K91)/K91) -> 0 | AA91: =V91-L91 -> 0.002374 | AB91: =W91-M91 -> -0.00469
A92: 81 | B92: Coral Income Fund | C92: FSDH Asset Management Ltd | D92: N/A | E92: 2.1371738e+09 | F92: =(E92/$E$122) -> 0.0092551626 | G92: N/A | H92: 5142.4768 | I92: N/A | J92: 5142.4768 | K92: 1213 | L92: 0.08817505 | M92: 0.10616125 | N92: N/A | O92: 2.1422605e+09 | P92: =(O92/$O$122) -> 0.0092460388 | Q92: N/A | R92: 5166.0019 | S92: N/A | T92: 5166.0019 | U92: 1208 | V92: 0.23853594 | W92: 0.10984145 | X92: =((O92-E92)/E92) -> 0.0023800977 | Y92: =((T92-J92)/J92) -> 0.0045746619 | Z92: =((U92-K92)/K92) -> -0.0041220115 | AA92: =V92-L92 -> 0.15036089 | AB92: =W92-M92 -> 0.003680196
A93: 82 | B93: Cordros Fixed Income Fund | C93: Cordros Asset Management Limited | D93: N/A | E93: 3.7119304e+08 | F93: =(E93/$E$122) -> 0.0016074743 | G93: N/A | H93: 117.86 | I93: N/A | J93: 117.86 | K93: 102 | L93: 0.002 | M93: 0.1469 | N93: N/A | O93: 3.720731e+08 | P93: =(O93/$O$122) -> 0.0016058749 | Q93: N/A | R93: 118.1 | S93: N/A | T93: 118.1 | U93: 102 | V93: 0.002 | W93: 0.1469 | X93: =((O93-E93)/E93) -> 0.0023708953 | Y93: =((T93-J93)/J93) -> 0.0020363143 | Z93: =((U93-K93)/K93) -> 0 | AA93: =V93-L93 -> 0 | AB93: =W93-M93 -> 0
A94: 83 | B94: Coronation Fixed Income Fund | C94: Coronation Asset Management Limited | D94: N/A | E94: 1.0950131e+09 | F94: =(E94/$E$122) -> 0.0047420216 | G94: N/A | H94: 1.6426 | I94: N/A | J94: 1.6426 | K94: 3473 | L94: -0.0058104346 | M94: 0.11991965 | N94: N/A | O94: 1.0838211e+09 | P94: =(O94/$O$122) -> 0.0046777932 | Q94: N/A | R94: 1.6322 | S94: N/A | T94: 1.6322 | U94: 3494 | V94: -0.012105072 | W94: 0.11295614 | X94: =((O94-E94)/E94) -> -0.010220936 | Y94: =((T94-J94)/J94) -> -0.0063314258 | Z94: =((U94-K94)/K94) -> 0.0060466456 | AA94: =V94-L94 -> -0.0062946375 | AB94: =W94-M94 -> -0.0069635085
A95: 84 | B95: Coronation Premium Fixed Income Fund | C95: Coronation Asset Management Limited | D95: N/A | E95: 3.2529165e+08 | F95: =(E95/$E$122) -> 0.0014086955 | G95: N/A | H95: 1.1075 | I95: N/A | J95: 1.1075 | K95: 354 | L95: -0.0045838576 | M95: 0.13141642 | N95: N/A | O95: 3.3137424e+08 | P95: =(O95/$O$122) -> 0.0014302178 | Q95: N/A | R95: 1.1014 | S95: N/A | T95: 1.1014 | U95: 358 | V95: -0.0055079007 | W95: 0.12524046 | X95: =((O95-E95)/E95) -> 0.01869887 | Y95: =((T95-J95)/J95) -> -0.0055079007 | Z95: =((U95-K95)/K95) -> 0.011299435 | AA95: =V95-L95 -> -0.00092404305 | AB95: =W95-M95 -> -0.0061759644
... A121: 110 | B121: Zenith Income Fund | C121: Zenith Asset Management Ltd | D121: N/A | E121: 2.1011081e+09 | F121: =(E121/$E$122) -> 0.0090989778 | G121: N/A | H121: 33.3584 | I121: N/A | J121: 33.3584 | K121: 1371 | L121: 0.0024 | M121: 0.1006 | N121: N/A | O121: 2.1055997e+09 | P121: =(O121/$O$122) -> 0.0090878099 | Q121: N/A | R121: 33.4376 | S121: N/A | T121: 33.4376 | U121: 1371 | V121: 0.0024 | W121: 0.1032 | X121: =((O121-E121)/E121) -> 0.0021377131 | Y121: =((T121-J121)/J121) -> 0.0023742146 | Z121: =((U121-K121)/K121) -> 0 | AA121: =V121-L121 -> 0 | AB121: =W121-M121 -> 0.0026
C122: Sub-Total | D122: N/A | E122: =SUM(E84:E121) -> 2.3091694e+11 | F122: =(E122/E272) -> 0.023282391 | G122: N/A | I122: N/A | K122: =SUM(K84:K121) -> 78518 | N122: N/A | O122: =SUM(O84:O121) -> 2.3169495e+11 | P122: =(O122/O272) -> 0.02316899 | U122: =SUM(U84:U121) -> 81247 | X122: =((O122-E122)/E122) -> 0.0033692259 | Y122: =((T122-J122)/J122) -> #DIV/0! | Z122: =((U122-K122)/K122) -> 0.034756362 | AA122: =V122-L122 -> 0 | AB122: =W122-M122 -> 0
B124: DOLLAR FUNDS
B125: EUROBONDS
A126: 111 | B126: Afrinvest Dollar Fund | C126: Afrinvest Asset Mgt Ltd. | D126: 3272750.2 | E126: 4.3566392e+09 | F126: =(E126/$E$168) -> 0.0024894924 | G126: 119.5352 | H126: 159123.58 | I126: 119.5352 | J126: 159123.58 | K126: 192 | L126: 0.0018 | M126: 0.0435 | N126: 3278644.9 | O126: =N126*C273 -> 4.3680015e+09 | P126: =(O126/$O$168) -> 0.0024696455 | Q126: 120.0036 | R126: =Q126*C273 -> 159875.78 | S126: 120.0036 | T126: =S126*C273 -> 159875.78 | U126: 192 | V126: 0.0039 | W126: 0.0476 | X126: =((O126-E126)/E126) -> 0.0026080345 | Y126: =((T126-J126)/J126) -> 0.0047271144 | Z126: =((U126-K126)/K126) -> 0 | AA126: =V126-L126 -> 0.0021 | AB126: =W126-M126 -> 0.0041
A127: 112 | B127: AIICO Eurobond Fund | C127: AIICO Capital Ltd | D127: 4098463.6 | E127: 5.4558173e+09 | F127: =(E127/$E$168) -> 0.0031175902 | G127: 108.7788 | H127: 144804.82 | I127: 108.7788 | J127: 144804.82 | K127: 127 | L127: 0.0018 | M127: 0.0878 | N127: 3942151.1 | O127: =N127*C273 -> 5.2519631e+09 | P127: =(O127/$O$168) -> 0.0029694328 | Q127: 109.9242 | R127: =Q127*C273 -> 146447.42 | S127: 109.9242 | T127: =S127*C273 -> 146447.42 | U127: 127 | V127: 0.0105 | W127: 0.0992 | X127: =((O127-E127)/E127) -> -0.037364559 | Y127: =((T127-J127)/J127) -> 0.011343553 | Z127: =((U127-K127)/K127) -> 0 | AA127: =V127-L127 -> 0.0087 | AB127: =W127-M127 -> 0.0114
A128: 113 | B128: ARM Eurobond Fund | C128: ARM Investment Managers Limited | D128: 13349295 | E128: 1.7755804e+10 | F128: =(E128/$E$168) -> 0.010146109 | G128: 1.249 | H128: 1661.2862 | I128: 1.249 | J128: 1661.2862 | K128: 358 | L128: 0.0836 | M128: 0.0447 | N128: 13376147 | O128: =1331.4728*N128 -> 1.7809976e+10 | P128: =(O128/$O$168) -> 0.010069668 | Q128: 1.2527 | R128: =Q128*1331.4728 -> 1667.936 | S128: 1.2527 | T128: =S128*1331.4728 -> 1667.936 | U128: 356 | V128: 0.1545 | W128: 0.0475 | X128: =((O128-E128)/E128) -> 0.0030509332 | Y128: =((T128-J128)/J128) -> 0.004002814 | Z128: =((U128-K128)/K128) -> -0.0055865922 | AA128: =V128-L128 -> 0.0709 | AB128: =W128-M128 -> 0.0028
A129: 114 | B129: ARM Short-Term Eurobond Fund | C129: ARM Investment Managers Limited | D129: 2349733.6 | E129: 3.1253642e+09 | F129: =(E129/$E$168) -> 0.0017859111 | G129: 1.0840573 | H129: 1441.897 | I129: 1.0840573 | J129: 1441.897 | K129: 132 | L129: 0.0626 | M129: 0.0491 | N129: 2349001 | O129: =N129*1331.4728 -> 3.1276309e+09 | P129: =(O129/$O$168) -> 0.0017683463 | Q129: 1.0855573 | R129: =Q129*1331.4728 -> 1445.39 | S129: 1.0855573 | T129: =1331.4728 *S129 -> 1445.39 | U129: 132 | V129: 0.0721 | W129: 0.0498 | X129: =((O129-E129)/E129) -> 0.00072525483 | Y129: =((T129-J129)/J129) -> 0.0024224972 | Z129: =((U129-K129)/K129) -> 0 | AA129: =V129-L129 -> 0.0095 | AB129: =W129-M129 -> 0.0007
A130: 115 | B130: CardinalStone Dollar Fund | C130: CardinalStone Asset Mgt. Limited | D130: 33557710 | E130: 4.4671554e+10 | F130: =(E130/$E$168) -> 0.02552644 | G130: 1.2269 | H130: 1633.2321 | I130: 1.2269 | J130: 1633.2321 | K130: 680 | L130: 0.0012 | M130: 0.0423 | N130: 32760675 | O130: =N130*C273 -> 4.3645678e+10 | P130: =(O130/$O$168) -> 0.024677041 | Q130: 1.2363 | R130: =Q130*C273 -> 1647.0708 | S130: 1.2363 | T130: =S130*C273 -> 1647.0708 | U130: 676 | V130: 0.0077 | W130: 0.0499 | X130: =((O130-E130)/E130) -> -0.022964858 | Y130: =((T130-J130)/J130) -> 0.0084732043 | Z130: =((U130-K130)/K130) -> -0.0058823529 | AA130: =V130-L130 -> 0.0065 | AB130: =W130-M130 -> 0.0076
A131: 116 | B131: Comercio Partners Dollar Fund | C131: Comercio Partners Asset Management Limited | D131: 926603.02 | E131: 1.233481e+09 | F131: =(E131/$E$168) -> 0.0007048418 | G131: 1.0874 | H131: 1447.5317 | I131: 1.0913 | J131: 1452.7233 | K131: 85 | L131: 0.0004 | M131: 0.046623 | N131: 911064.83 | O131: =N131*C273 -> 1.2137736e+09 | P131: =(O131/$O$168) -> 0.00068626132 | Q131: 1.0891 | R131: =Q131*C273 -> 1450.9624 | S131: 1.0891 | T131: =S131*C273 -> 1450.9624 | U131: 85 | V131: 0.001255 | W131: 0.047372 | X131: =((O131-E131)/E131) -> -0.015977042 | Y131: =((T131-J131)/J131) -> -0.0012121209 | Z131: =((U131-K131)/K131) -> 0 | AA131: =V131-L131 -> 0.000855 | AB131: =W131-M131 -> 0.000749
A132: 117 | B132: Cowry Eurobond Fund | C132: Cowry Treasurers Limited | D132: 870317.48 | E132: 1.1585544e+09 | F132: =(E132/$E$168) -> 0.00066202692 | G132: 1.5838 | H132: 2108.3324 | I132: 1.5838 | J132: 2108.3324 | K132: 95 | L132: 0.000316 | M132: 0.0873 | N132: 874880.29 | O132: =N132*C273 -> 1.1655664e+09 | P132: =(O132/$O$168) -> 0.00065900524 | Q132: 1.5867 | R132: =Q132*C273 -> 2113.8941 | S132: 1.5867 | T132: =S132*C273 -> 2113.8941 | U132: 96 | V132: 0.000378 | W132: 0.0877 | X132: =((O132-E132)/E132) -> 0.0060523659 | Y132: =((T132-J132)/J132) -> 0.0026379613 | Z132: =((U132-K132)/K132) -> 0.010526316 | AA132: =V132-L132 -> 6.2e-05 | AB132: =W132-M132 -> 0.0004
A133: 118 | B133: EDC Dollar Fund | C133: EDC Fund Management Limited | D133: 3082255.5 | E133: 4.1030554e+09 | F133: =(E133/$E$168) -> 0.0023445882 | G133: 108.81 | H133: 144846.35 | I133: 109.38 | J133: 145605.12 | K133: 88 | L133: 0.0017 | M133: 0.0345 | N133: 3135993.1 | O133: =N133*C273 -> 4.1779526e+09 | P133: =(O133/$O$168) -> 0.0023621928 | Q133: 109.29 | R133: =Q133*C273 -> 145602.5 | S133: 109.9 | T133: =S133*C273 -> 146415.18 | U133: 88 | V133: 0.0063 | W133: 0.0392 | X133: =((O133-E133)/E133) -> 0.018254001 | Y133: =((T133-J133)/J133) -> 0.0055633447 | Z133: =((U133-K133)/K133) -> 0 | AA133: =V133-L133 -> 0.0046 | AB133: =W133-M133 -> 0.0047
A134: 119 | B134: Emerging Africa Eurobond Fund | C134: Emerging Africa Asset Management Limited | D134: 3379472.5 | E134: 4.5031133e+09 | F134: =(E134/$E$168) -> 0.0025731913 | G134: 117.08924 | H134: 156020.24 | I134: 117.08924 | J134: 156020.24 | K134: 67 | L134: 0.000808 | M134: 0.06086 | N134: 3392092.2 | O134: =N134*1334.2 -> 4.5257295e+09 | P134: =(O134/$O$168) -> 0.0025588241 | Q134: 117.2144 | R134: =Q134*1334.2 -> 156387.45 | S134: 117.2144 | T134: =S134*1334.2 -> 156387.45 | U134: 67 | V134: 0.000808 | W134: 0.0608 | X134: =((O134-E134)/E134) -> 0.0050223346 | Y134: =((T134-J134)/J134) -> 0.0023536117 | Z134: =((U134-K134)/K134) -> 0 | AA134: =V134-L134 -> 0 | AB134: =W134-M134 -> -6e-05
A135: 120 | B135: FCMBAM USD Bond Fund | C135: FCMB Asset Management Limited | D135: 4641187 | E135: 6.1782831e+09 | F135: =(E135/$E$168) -> 0.0035304251 | G135: 1.55 | H135: 2063.3383 | I135: 1.55 | J135: 2063.3383 | K135: 121 | L135: 0.008 | M135: 0.0585 | N135: 4673015.3 | O135: =N135*C273 -> 6.2256629e+09 | P135: =(O135/$O$168) -> 0.0035199577 | Q135: 1.55 | R135: =Q135*C273 -> 2065.0002 | S135: 1.56 | T135: =S135*C273 -> 2078.3228 | U135: 122 | V135: 0.011 | W135: 0.061 | X135: =((O135-E135)/E135) -> 0.007668766 | Y135: =((T135-J135)/J135) -> 0.0072622565 | Z135: =((U135-K135)/K135) -> 0.0082644628 | AA135: =V135-L135 -> 0.003 | AB135: =W135-M135 -> 0.0025
A136: 121 | B136: First Asset Dollar Fund (Retail) | C136: First Asset Management Limited | D136: 41916634 | E136: 5.5870682e+10 | F136: =(E136/$E$168) -> 0.031925902 | G136: 135.52 | H136: 180634.61 | I136: 135.53 | J136: 180647.94 | K136: 2760 | L136: 0.0012 | M136: 0.0594 | N136: 43159075 | O136: =N136*1333.54 -> 5.7554353e+10 | P136: =(O136/$O$168) -> 0.032540934 | Q136: 135.7 | R136: =Q136*1333.54 -> 180961.38 | S136: 135.71 | T136: =S136*1333.54 -> 180974.71 | U136: 2759 | V136: 0.0013 | W136: 0.0604 | X136: =((O136-E136)/E136) -> 0.030135144 | Y136: =((T136-J136)/J136) -> 0.001808913 | Z136: =((U136-K136)/K136) -> -0.00036231884 | AA136: =V136-L136 -> 0.0001 | AB136: =W136-M136 -> 0.001
A137: 122 | B137: First Asset Specialized Dollar Fund | C137: First Asset Management Limited | D137: 1.2424117e+08 | E137: 1.6560105e+11 | F137: =(E137/$E$168) -> 0.094628574 | G137: 132.39 | H137: 176462.63 | I137: 132.41 | J137: 176489.29 | K137: 1132 | L137: 0.0015 | M137: 0.0618 | N137: 1.2566521e+08 | O137: =N137*1333.54 -> 1.6757959e+11 | P137: =(O137/$O$168) -> 0.094748635 | Q137: 132.57 | R137: =Q137*1333.54 -> 176787.4 | S137: 132.59 | T137: =S137*1333.54 -> 176814.07 | U137: 1137 | V137: 0.0014 | W137: 0.0633 | X137: =((O137-E137)/E137) -> 0.011947609 | Y137: =((T137-J137)/J137) -> 0.0018402227 | Z137: =((U137-K137)/K137) -> 0.0044169611 | AA137: =V137-L137 -> -0.0001 | AB137: =W137-M137 -> 0.0015
A138: 123 | B138: FSL Eurobond Fund | C138: FSL Asset Management Limited | D138: 1614203 | E138: 2.1488044e+09 | F138: =(E138/$E$168) -> 0.0012278805 | G138: 1 | H138: 1331.186 | I138: 1 | J138: 1331.186 | K138: 36 | L138: 0.084829857 | M138: 0.084743851 | N138: 1666882.7 | O138: =N138*C273 -> 2.2207181e+09 | P138: =(O138/$O$168) -> 0.0012555826 | Q138: 1 | R138: =1*C273 -> 1332.2582 | S138: 1 | T138: =1*C273 -> 1332.2582 | U138: 36 | V138: 0.084829857 | W138: 0.084757111 | X138: =((O138-E138)/E138) -> 0.033466835 | Y138: =((T138-J138)/J138) -> 0.00080544717 | Z138: =((U138-K138)/K138) -> 0 | AA138: =V138-L138 -> 0 | AB138: =W138-M138 -> 1.325967e-05
A139: 124 | B139: Futureview Dollar Fund | C139: Futureview Asset Management Limited | D139: 207682.03 | E139: 2.7646341e+08 | F139: =(E139/$E$168) -> 0.00015797809 | G139: 150.7955 | H139: 200736.86 | I139: 150.7955 | J139: 200736.86 | K139: 11 | L139: 0.0009 | M139: 0.1147 | N139: 221687.63 | O139: =N139*C273 -> 2.9534516e+08 | P139: =(O139/$O$168) -> 0.00016698663 | Q139: 151.9895 | R139: =Q139*C273 -> 202489.26 | S139: 151.9895 | T139: =S139*C273 -> 202489.26 | U139: 11 | V139: 0.0079 | W139: 0.1235 | X139: =((O139-E139)/E139) -> 0.068297485 | Y139: =((T139-J139)/J139) -> 0.0087298329 | Z139: =((U139-K139)/K139) -> 0 | AA139: =V139-L139 -> 0.007 | AB139: =W139-M139 -> 0.0088
A140: 125 | B140: Myrtle Dollar Shield Fund | C140: Myrtle Asset Management Limited | D140: 63932.03 | E140: 85105423 | F140: =(E140/$E$168) -> 4.8631362e-05 | G140: 100 | H140: 133118.6 | I140: 100 | J140: 133118.6 | K140: 9 | L140: 0 | M140: 0.05287847 | N140: 63996.16 | O140: =N140*C273 -> 85259409 | P140: =(O140/$O$168) -> 4.8205229e-05 | Q140: 100 | R140: =Q140*C273 -> 133225.82 | S140: 100 | T140: =S140*C273 -> 133225.82 | U140: 9 | V140: 0 | W140: 0.05287847 | X140: =((O140-E140)/E140) -> 0.0018093517 | Y140: =((T140-J140)/J140) -> 0.00080544717 | Z140: =((U140-K140)/K140) -> 0 | AA140: =V140-L140 -> 0 | AB140: =W140-M140 -> 0
A141: 126 | B141: Norrenberger Dollar Fund | C141: Norrenberger Investment & Capital Mgt. Ltd. | D141: 34488967 | E141: 4.591123e+10 | F141: =(E141/$E$168) -> 0.026234822 | G141: 104.03 | H141: 138483.28 | I141: 104.03 | J141: 138483.28 | K141: 1048 | L141: 0.0013 | M141: 0.1084 | N141: 34780080 | O141: =N141*C273 -> 4.6336047e+10 | P141: =(O141/$O$168) -> 0.026198161 | Q141: 104.76 | R141: =Q141*C273 -> 139567.37 | S141: 104.76 | T141: =S141*C273 -> 139567.37 | U141: 1055 | V141: 0.0070165623 | W141: 0.11459718 | X141: =((O141-E141)/E141) -> 0.0092530004 | Y141: =((T141-J141)/J141) -> 0.0078283057 | Z141: =((U141-K141)/K141) -> 0.0066793893 | AA141: =V141-L141 -> 0.0057165623 | AB141: =W141-M141 -> 0.0061971812
A142: 127 | B142: PACAM Eurobond Fund | C142: PAC Asset Management Limited | D142: 1929864.6 | E142: 2.5690087e+09 | F142: =(E142/$E$168) -> 0.0014679957 | G142: 149.88 | H142: 199518.16 | I142: 156.25 | J142: 207997.81 | K142: 54 | L142: 1.2560639e-05 | M142: -0.081585674 | N142: 1944956.6 | O142: =N142*C273 -> 2.5911844e+09 | P142: =(O142/$O$168) -> 0.0014650423 | Q142: 162.92 | R142: =Q142*C273 -> 217051.51 | S142: 169.49 | T142: =S142*C273 -> 225804.44 | U142: 60 | V142: 0.033968747 | W142: -0.02827811 | X142: =((O142-E142)/E142) -> 0.0086320149 | Y142: =((T142-J142)/J142) -> 0.085609698 | Z142: =((U142-K142)/K142) -> 0.11111111 | AA142: =V142-L142 -> 0.033956186 | AB142: =W142-M142 -> 0.053307563
A143: 128 | B143: United Capital Nigerian Eurobond Fund | C143: United Capital Asset Mgt. Ltd | D143: 1.0037512e+08 | E143: 1.3379e+11 | F143: =(E143/$E$168) -> 0.076450944 | G143: 122.8869 | H143: 163795.95 | I143: 122.8869 | J143: 163795.95 | K143: 4759 | L143: 0.0011 | M143: 0.0781 | N143: 1.0049695e+08 | O143: =N143*1333.54 -> 1.3401671e+11 | P143: =(O143/$O$168) -> 0.075772355 | Q143: 123.02 | R143: =Q143*1333.54 -> 164052.09 | S143: 123.02 | T143: =S143*1333.54 -> 164052.09 | U143: 4759 | V143: 0.0011 | W143: 0.0781 | X143: =((O143-E143)/E143) -> 0.0016945053 | Y143: =((T143-J143)/J143) -> 0.0015637859 | Z143: =((U143-K143)/K143) -> 0 | AA143: =V143-L143 -> 0 | AB143: =W143-M143 -> 0
B145: FIXED INCOME | AC145: 1374.9431
A146: 129 | B146: Alpha10 Dollar Fund | C146: Alpha10 Fund Management Limited | D146: 568144.3 | E146: 7.5630574e+08 | F146: =(E146/$E$168) -> 0.00043217197 | G146: 1.0088 | H146: 1344.4979 | I146: 1.0088 | J146: 1344.4979 | K146: 62 | L146: 0.08195 | M146: 0.11385 | N146: 563542.69 | O146: =N146*C273 -> 7.5078437e+08 | P146: =(O146/$O$168) -> 0.0004244896 | Q146: 1.03 | R146: =1.01*C273 -> 1345.5808 | S146: 1.03 | T146: =1.01*C273 -> 1345.5808 | U146: 62 | V146: 0.1228 | W146: 0.1242 | X146: =((O146-E146)/E146) -> -0.0073004449 | Y146: =((T146-J146)/J146) -> 0.00080544717 | Z146: =((U146-K146)/K146) -> 0 | AA146: =V146-L146 -> 0.04085 | AB146: =W146-M146 -> 0.01035
A147: 130 | B147: Alpha Morgan Dollar Fund | C147: Alpha Morgan Capital Managers Limited | D147: 221867.32 | E147: 2.9534667e+08 | F147: =(E147/$E$168) -> 0.00016876846 | G147: 99.09 | H147: 131907.22 | I147: 99.09 | J147: 131907.22 | K147: 15 | L147: 0 | M147: 0.0445 | N147: 225145 | O147: =N147*C273 -> 2.9995128e+08 | P147: =(O147/$O$168) -> 0.0001695909 | Q147: 100.55605 | R147: =Q147*C273 -> 133966.63 | S147: 100.55605 | T147: =S147*C273 -> 133966.63 | U147: 15 | V147: 0 | W147: 0.0445 | X147: =((O147-E147)/E147) -> 0.015590521 | Y147: =((T147-J147)/J147) -> 0.015612539 | Z147: =((U147-K147)/K147) -> 0 | AA147: =V147-L147 -> 0 | AB147: =W147-M147 -> 0
A148: 131 | B148: AVA GAM Fixed Income Dollar Fund | C148: AVA Global Asset Managers Limited | D148: 1047404.3 | E148: 1.3942899e+09 | F148: =(E148/$E$168) -> 0.00079673204 | G148: 122.89 | H148: 163589.45 | I148: 122.89 | J148: 163589.45 | K148: 30 | L148: 0.0009 | M148: 0.0715 | N148: 1051178.3 | O148: =1051178.3*C273 -> 1.4004409e+09 | P148: =(O148/$O$168) -> 0.00079180206 | Q148: 122.33 | R148: =Q148*C273 -> 162975.15 | S148: 122.33 | T148: =S148*C273 -> 162975.15 | U148: 30 | V148: 0.0033 | W148: 0.0746 | X148: =((O148-E148)/E148) -> 0.0044115713 | Y148: =((T148-J148)/J148) -> -0.003755144 | Z148: =((U148-K148)/K148) -> 0 | AA148: =V148-L148 -> 0.0024 | AB148: =W148-M148 -> 0.0031
A149: 132 | B149: AXA Mansard Dollar Bond Fund | C149: AXA Mansard Investments Limited | D149: 21665171 | E149: 2.8840373e+10 | F149: =(E149/$E$168) -> 0.016480109 | G149: 135.7745 | H149: 180741.11 | I149: 135.7745 | J149: 180741.11 | K149: 717 | L149: 0.0005 | M149: 0.038940374 | N149: 19993193 | O149: =N149*C273 -> 2.6636095e+10 | P149: =(O149/$O$168) -> 0.01505991 | Q149: 135.8608 | R149: =Q149*C273 -> 181001.66 | S149: 135.8608 | T149: =S149*C273 -> 181001.66 | U149: 717 | V149: 0.0005 | W149: 0.039576722 | X149: =((O149-E149)/E149) -> -0.076430285 | Y149: =((T149-J149)/J149) -> 0.0014415719 | Z149: =((U149-K149)/K149) -> 0 | AA149: =V149-L149 -> 0 | AB149: =W149-M149 -> 0.00063634808
A150: 133 | B150: CFG AM Fixed Income Dollar Fund | C150: CFG Asset Management Limited | D150: 465724.53 | E150: 6.1996597e+08 | F150: =(E150/$E$168) -> 0.00035426403 | G150: 107.58247 | H150: 143212.28 | I150: 107.58247 | J150: 143212.28 | K150: 20 | L150: 0.00109 | M150: 0.04868 | N150: 460621.84 | O150: =N150*C273 -> 6.1366722e+08 | P150: =(O150/$O$168) -> 0.00034696428 | Q150: 107.77301 | R150: =Q150*C273 -> 143581.47 | S150: 107.77301 | T150: =S150*C273 -> 143581.47 | U150: 19 | V150: 0.00138 | W150: 0.05053 | X150: 0 | Y150: =((T150-J150)/J150) -> 0.0025779324 | Z150: =((U150-K150)/K150) -> -0.05 | AA150: =V150-L150 -> 0.00029 | AB150: =W150-M150 -> 0.00185
A151: 134 | B151: Cordros Dollar Fund | C151: Cordros Asset Management Limited | D151: 15346079 | E151: 2.0440977e+10 | F151: =(E151/$E$168) -> 0.011680484 | G151: 118.85 | H151: 158308.2 | I151: 118.85 | J151: 158308.2 | K151: 491 | L151: 0.0012 | M151: 0.0649 | N151: 15432832 | O151: =N151*1332 -> 2.0556532e+10 | P151: =(O151/$O$168) -> 0.011622557 | Q151: 118.99 | R151: =Q151*1332 -> 158494.68 | S151: 118.99 | T151: =S151*1332 -> 158494.68 | U151: 491 | V151: 0.0012 | W151: 0.0649 | X151: =((O151-E151)/E151) -> 0.0056531013 | Y151: =((T151-J151)/J151) -> 0.0011779554 | Z151: =((U151-K151)/K151) -> 0 | AA151: =V151-L151 -> 0 | AB151: =W151-M151 -> 0
A152: 135 | B152: Coronation Dollar Fund | C152: Coronation Asset Management Limited | D152: 269680.77 | E152: 3.5899527e+08 | F152: =(E152/$E$168) -> 0.00020513885 | G152: 1.0049 | H152: 1337.7088 | I152: 1.0049 | J152: 1337.7088 | K152: 14 | L152: -0.001490461 | M152: 0.02265017 | N152: 248723.13 | O152: =N152*C273 -> 3.3136343e+08 | P152: =(O152/$O$168) -> 0.00018735117 | Q152: 1.0171 | R152: =Q152*C273 -> 1355.0398 | S152: 1.0171 | T152: =S152*C273 -> 1355.0398 | U152: 15 | V152: 0.012140511 | W152: 0.034823389 | X152: =((O152-E152)/E152) -> -0.076969918 | Y152: =((T152-J152)/J152) -> 0.012955737 | Z152: =((U152-K152)/K152) -> 0.071428571 | AA152: =V152-L152 -> 0.013630973 | AB152: =W152-M152 -> 0.012173219
A153: 136 | B153: FSDH Dollar Fund | C153: FSDH Asset Management Ltd | D153: 13174172 | E153: 1.7537274e+10 | F153: =(E153/$E$168) -> 0.010021236 | G153: 1.4105781 | H153: 1877.7418 | I153: 1.4105781 | J153: 1877.7418 | K153: 415 | L153: 0.17653284 | M153: 0.067439651 | N153: =O153/C273 -> 13477532 | O153: 1.7955552e+10 | P153: =(O153/$O$168) -> 0.010151977 | Q153: =R153/C273 -> 1.4143545 | R153: 1884.2854 | S153: =T153/C273 -> 1.4143545 | T153: 1884.2854 | U153: 416 | V153: 0.18170827 | W153: 0.069796787 | X153: =((O153-E153)/E153) -> 0.023850823 | Y153: =((T153-J153)/J153) -> 0.0034848162 | Z153: =((U153-K153)/K153) -> 0.0024096386 | AA153: =V153-L153 -> 0.0051754375 | AB153: =W153-M153 -> 0.0023571357
A154: 137 | B154: FSDH Global Fixed Opportunity Income Fund | C154: FSDH Asset Management Ltd | D154: 101982.25 | E154: 1.3575734e+08 | F154: =(E154/$E$168) -> 7.7575131e-05 | G154: 100.96808 | H154: 134407.3 | I154: 100.96808 | J154: 134407.3 | K154: 1 | L154: 0.056225489 | M154: 0.056659262 | N154: =O154/C273 -> 102058.9 | O154: 1.3596881e+08 | P154: =(O154/$O$168) -> 7.6876064e-05 | Q154: =R154/C273 -> 101.04398 | R154: 134616.67 | S154: =T154/C273 -> 101.04398 | T154: 134616.67 | U154: 1 | V154: 0.081224402 | W154: 0.056656075 | X154: =((O154-E154)/E154) -> 0.0015577283 | Y154: =((T154-J154)/J154) -> 0.0015577283 | Z154: =((U154-K154)/K154) -> 0 | AA154: =V154-L154 -> 0.024998914 | AB154: =W154-M154 -> -3.1865012e-06
A155: 138 | B155: Greenwich Fixed Income Dollar Fund | C155: Greenwich Asset Management Limited | D155: 194358.58 | E155: 2.5872742e+08 | F155: =(E155/$E$168) -> 0.0001478433 | G155: 1.08 | H155: 1437.6809 | I155: 1.08 | J155: 1437.6809 | K155: 10 | L155: 0.068 | M155: 0.068 | N155: 194587.98 | O155: =N155*C273 -> 2.5924143e+08 | P155: =(O155/$O$168) -> 0.00014657377 | Q155: 1.09 | R155: =1.08*C273 -> 1438.8389 | S155: 1.09 | T155: =1.08*C273 -> 1438.8389 | U155: 10 | V155: 0.068 | W155: 0.068 | X155: =((O155-E155)/E155) -> 0.0019866905 | Y155: =((T155-J155)/J155) -> 0.00080544717 | Z155: =((U155-K155)/K155) -> 0 | AA155: =V155-L155 -> 0 | AB155: =W155-M155 -> 0
A156: 139 | B156: Guaranty Trust Dollar Fund | C156: Guaranty Trust Fund Managers | D156: 1.1933952e+08 | E156: 1.586619e+11 | F156: =(E156/$E$168) -> 0.090663366 | G156: 100 | H156: 132950 | I156: 100 | J156: 132950 | K156: 4807 | L156: 0.05708 | M156: 0.052709205 | N156: =O156/1329.5 -> 1.2012154e+08 | O156: 1.5970159e+11 | P156: =(O156/$O$168) -> 0.090294451 | Q156: 100 | R156: =Q156*1329.5 -> 132950 | S156: 100 | T156: =S156*1329.5 -> 132950 | U156: 5727 | V156: 0.056376 | W156: 0.05279803 | X156: =((O156-E156)/E156) -> 0.006552862 | Y156: =((T156-J156)/J156) -> 0 | Z156: =((U156-K156)/K156) -> 0.19138756 | AA156: =V156-L156 -> -0.000704 | AB156: =W156-M156 -> 8.8824613e-05
A157: 140 | B157: Lead Dollar Fixed Income Fund | C157: Lead Asset Management Limited | D157: 1152513.3 | E157: 1.5342096e+09 | F157: =(E157/$E$168) -> 0.00087668564 | G157: 1.16 | H157: 1544.1758 | I157: 1.16 | J157: 1544.1758 | K157: 68 | L157: 0.0019 | M157: 0.0812 | N157: 1210212.9 | O157: =N157*C273 -> 1.612316e+09 | P157: =(O157/$O$168) -> 0.00091159513 | Q157: 1.16 | R157: =Q157*C273 -> 1545.4195 | S157: 1.16 | T157: =S157*C273 -> 1545.4195 | U157: 76 | V157: 0.0019 | W157: 0.0812 | X157: =((O157-E157)/E157) -> 0.050909861 | Y157: =((T157-J157)/J157) -> 0.00080544717 | Z157: =((U157-K157)/K157) -> 0.11764706 | AA157: =V157-L157 -> 0 | AB157: =W157-M157 -> 0
A158: 141 | B158: Meristem Dollar Fund | C158: Meristem Wealth Management Limited | D158: 6104446.2 | E158: 8.1261533e+09 | F158: =(E158/$E$168) -> 0.0046434867 | G158: 10.8 | H158: 14376.809 | I158: 10.74 | J158: 14296.938 | K158: 159 | L158: 0.0604 | M158: 0.0784 | N158: 6093495.6 | O158: =N158*C273 -> 8.1181095e+09 | P158: =(O158/$O$168) -> 0.0045899372 | Q158: 11.8922 | R158: =Q158*C273 -> 15843.481 | S158: 11.9158 | T158: =S158*C273 -> 15874.922 | U158: 161 | V158: 0.0612 | W158: 0.0792 | X158: =((O158-E158)/E158) -> -0.00098986231 | Y158: =((T158-J158)/J158) -> 0.11037221 | Z158: =((U158-K158)/K158) -> 0.012578616 | AA158: =V158-L158 -> 0.0008 | AB158: =W158-M158 -> 0.0008
A159: 142 | B159: Nigeria Dollar Income Fund | C159: Chapel Hill Denham Mgt. Limited | D159: 28067880 | E159: 3.7363569e+10 | F159: =(E159/$E$168) -> 0.021350475 | G159: 1.0694 | H159: 1423.5703 | I159: 1.0762 | J159: 1432.6224 | K159: 808 | L159: -0.0095 | M159: 0.0759 | N159: =O159/C273 -> 28103468 | O159: 3.7441076e+10 | P159: =(O159/$O$168) -> 0.021168991 | Q159: 1.0753 | R159: =Q159*C273 -> 1432.5772 | S159: 1.0762 | T159: =S159*C273 -> 1433.7763 | U159: 806 | V159: 0.0059 | W159: 0.1258 | X159: =((O159-E159)/E159) -> 0.0020744079 | Y159: =((T159-J159)/J159) -> 0.00080544717 | Z159: =((U159-K159)/K159) -> -0.0024752475 | AA159: =V159-L159 -> 0.0154 | AB159: =W159-M159 -> 0.0499
A160: 143 | B160: Nova Dollar Fixed Income Fund | C160: Novambl Asset Management | D160: 325622.82 | E160: 4.324271e+08 | F160: =(E160/$E$168) -> 0.00024709964 | G160: 1.34 | H160: 1779.52 | I160: 1.34 | J160: 1779.52 | K160: 2 | L160: 0.0402 | M160: 0.0182 | N160: 323161.93 | O160: =N160*1333.55 -> 4.3095259e+08 | P160: =(O160/$O$168) -> 0.00024365837 | Q160: 1.34 | R160: =Q160*1333.55 -> 1786.957 | S160: 1.34 | T160: =S160*1333.55 -> 1786.957 | U160: 2 | V160: 0.001 | W160: 0.0131 | X160: =((O160-E160)/E160) -> -0.0034098538 | Y160: =((T160-J160)/J160) -> 0.0041792169 | Z160: =((U160-K160)/K160) -> 0 | AA160: =V160-L160 -> -0.0392 | AB160: =W160-M160 -> -0.0051
A161: 144 | B161: Parthian Dollar Fixed Income Fund | C161: Parthian Capital Limited | D161: 533928.27 | E161: 7.1075784e+08 | F161: =(E161/$E$168) -> 0.00040614476 | G161: 1.0706 | H161: 1425.1677 | I161: 1.0706 | J161: 1425.1677 | K161: 20 | L161: 0.0024 | M161: 0.0027 | N161: 538922.1 | O161: =N161*C273 -> 7.1798339e+08 | P161: =(O161/$O$168) -> 0.0004059441 | Q161: 1.0806 | R161: =Q161*C273 -> 1439.6382 | S161: 1.0806 | T161: =S161*C273 -> 1439.6382 | U161: 20 | V161: 0.0118 | W161: 0.0145 | X161: =((O161-E161)/E161) -> 0.010165978 | Y161: =((T161-J161)/J161) -> 0.010153527 | Z161: =((U161-K161)/K161) -> 0 | AA161: =V161-L161 -> 0.0094 | AB161: =W161-M161 -> 0.0118
A162: 145 | B162: Stanbic IBTC Dollar Fund | C162: Stanbic IBTC Asset Mgt. Limited | D162: 5.9665387e+08 | E162: 7.9527994e+11 | F162: =(E162/$E$168) -> 0.4544428 | G162: 1.7222 | H162: 2295.5204 | I162: 1.7222 | J162: 2295.5204 | K162: 14131 | L162: 0.0008 | M162: 0.0384 | N162: 5.8837574e+08 | O162: =1333.54*N162 -> 7.8462259e+11 | P162: =(O162/$O$168) -> 0.44362156 | Q162: 1.7236 | R162: =Q162*1333.54 -> 2298.4895 | S162: 1.7236 | T162: =S162*1333.54 -> 2298.4895 | U162: 14157 | V162: 0.00081291372 | W162: 0.038506381 | X162: =((O162-E162)/E162) -> -0.013400762 | Y162: =((T162-J162)/J162) -> 0.0012934601 | Z162: =((U162-K162)/K162) -> 0.0018399264 | AA162: =V162-L162 -> 1.2913715e-05 | AB162: =W162-M162 -> 0.00010638101
A163: 146 | B163: STL Dollar Fund | C163: STL Asset Management Limited | D163: 673172.67 | E163: 8.9611803e+08 | F163: =(E163/$E$168) -> 0.0005120642 | G163: 121.3765 | H163: 161574.7 | I163: 121.3765 | J163: 161574.7 | K163: 35 | L163: 0.0013 | M163: 0.0702 | N163: 674032.56 | O163: =N163*C273 -> 8.9798541e+08 | P163: =(O163/$O$168) -> 0.00050771631 | Q163: 121.53 | R163: =Q163*C273 -> 161909.34 | S163: 121.53 | T163: =S163*C273 -> 161909.34 | U163: 35 | V163: 0.0013 | W163: 0.0714 | X163: =((O163-E163)/E163) -> 0.0020838452 | Y163: =((T163-J163)/J163) -> 0.0020711258 | Z163: =((U163-K163)/K163) -> 0 | AA163: =V163-L163 -> 0 | AB163: =W163-M163 -> 0.0012
A164: 147 | B164: United Capital Global Fixed Income Fund | C164: United Capital Asset Mgt. Ltd | D164: 1.2609578e+08 | E164: 1.6807306e+11 | F164: =(E164/$E$168) -> 0.09604114 | G164: 1.2342 | H164: 1645.0652 | I164: 1.2342 | J164: 1645.0652 | K164: 1305 | L164: 0.0009 | M164: 0.1049 | N164: 1.4574948e+08 | O164: =N164*1333.54 -> 1.9436277e+11 | P164: =(O164/$O$168) -> 0.1098917 | Q164: 1.24 | R164: =Q164*1333.54 -> 1653.5896 | S164: 1.24 | T164: =S164*1333.54 -> 1653.5896 | U164: 1305 | V164: 0.0009 | W164: 0.1041 | X164: =((O164-E164)/E164) -> 0.15641833 | Y164: =((T164-J164)/J164) -> 0.0051818129 | Z164: =((U164-K164)/K164) -> 0 | AA164: =V164-L164 -> 0 | AB164: =W164-M164 -> -0.0008
A165: 148 | B165: RMBN Dollar Fixed Income Fund | C165: RMB Nigeria Asset Management Ltd. | D165: 1349439 | E165: 1.7963543e+09 | F165: =(E165/$E$168) -> 0.0010264817 | G165: 116 | H165: 154417.58 | I165: 116 | J165: 154417.58 | K165: 24 | L165: 0.0029 | M165: 0.0391 | N165: 1417906.2 | O165: =N165*C273 -> 1.8890171e+09 | P165: =(O165/$O$168) -> 0.0010680405 | Q165: 116.79 | R165: =Q165*C273 -> 155594.44 | S165: 116.79 | T165: =S165*C273 -> 155594.44 | U165: 24 | V165: 0.0051 | W165: 0.0459 | X165: =((O165-E165)/E165) -> 0.051583838 | Y165: =((T165-J165)/J165) -> 0.0076212774 | Z165: =((U165-K165)/K165) -> 0 | AA165: =V165-L165 -> 0.0022 | AB165: =W165-M165 -> 0.0068
A166: 149 | B166: Vetiva USD Fixed Income Fund | C166: Vetiva Fund Managers | D166: 4055926.8 | E166: 5.3526868e+09 | F166: =(E166/$E$168) -> 0.0030586588 | G166: 1.16 | H166: 1544.1758 | I166: 1.16 | J166: 1544.1758 | K166: 59 | L166: -0.0008 | M166: 0.0003 | N166: 4055926.8 | O166: =N166*C273 -> 5.4035417e+09 | P166: =(O166/$O$168) -> 0.0030551345 | Q166: 1.17 | R166: =Q166*C273 -> 1558.7421 | S166: 1.17 | T166: =S166*C273 -> 1558.7421 | U166: 58 | V166: 0.0032 | W166: 0.0087 | X166: =((O166-E166)/E166) -> 0.009500816 | Y166: =((T166-J166)/J166) -> 0.0094330803 | Z166: =((U166-K166)/K166) -> -0.016949153 | AA166: =V166-L166 -> 0.004 | AB166: =W166-M166 -> 0.0084
A167: 150 | B167: Zedcrest Dollar Fund | C167: Zedcrest Investment Managers Limited | D167: 1766760.8 | E167: 2.3518873e+09 | F167: =(E167/$E$168) -> 0.0013439271 | G167: 1.56 | H167: 2076.6502 | I167: 1.56 | J167: 2076.6502 | K167: 166 | L167: 0.012345 | M167: 0.050878 | N167: 1761564.1 | O167: =N167*C273 -> 2.3468583e+09 | P167: =(O167/$O$168) -> 0.0013269015 | Q167: 1.58 | R167: =Q167*C273 -> 2104.968 | S167: 1.58 | T167: =S167*C273 -> 2104.968 | U167: 168 | V167: 0.011448 | W167: 0.063292 | X167: =((O167-E167)/E167) -> -0.0021382878 | Y167: =((T167-J167)/J167) -> 0.013636286 | Z167: =((U167-K167)/K167) -> 0.012048193 | AA167: =V167-L167 -> -0.000897 | AB167: =W167-M167 -> 0.012414
C168: Sub-Total | D168: =SUM(D126:D167) -> 1.3135388e+09 | E168: =SUM(E126:E167) -> 1.7500111e+12 | F168: =(E168/E272) -> 0.17644631 | I168: 0 | K168: =SUM(K126:K167) -> 35113 | N168: =SUM(N126:N167) -> 1.3268674e+09 | O168: =SUM(O126:O167) -> 1.7686755e+12 | P168: =(O168/O272) -> 0.17686369 | U168: =SUM(U126:U167) -> 36082 | X168: =((O168-E168)/E168) -> 0.010665319 | Y168: =((T168-J168)/J168) -> #DIV/0! | Z168: =((U168-K168)/K168) -> 0.027596617 | AA168: =V168-L168 -> 0 | AB168: =W168-M168 -> 0
B170: REAL ESTATE INVESTMENT TRUSTS
A171: 151 | B171: Housing Solution Fund | C171: Fundco Capital Managers Limited | D171: N/A | E171: 2.6858328e+09 | F171: =(E171/$E$177) -> 0.0051620233 | G171: N/A | H171: 126.57082 | I171: N/A | J171: 126.57082 | K171: 8 | L171: 0.0018 | M171: 0.20397108 | N171: N/A | O171: 2.728269e+09 | P171: =(O171/$O$177) -> 0.005240788 | Q171: N/A | R171: 128.57064 | S171: N/A | T171: 128.57064 | U171: 8 | V171: 0.0158 | W171: 0.22299382 | X171: =((O171-E171)/E171) -> 0.0158 | Y171: =((T171-J171)/J171) -> 0.0158 | Z171: =((U171-K171)/K171) -> 0 | AA171: =V171-L171 -> 0.014 | AB171: =W171-M171 -> 0.019022743
...

Sheet NAV Comparison
A2: FUNDS | B2: Week Ended Oct 9, 2026 | C2: Week Ended Oct 16, 2026
A3: EQUITY BASED FUNDS | B3: =B13 -> 239.39694 | C3: =C13 -> 238.91482
A4: MONEY MARKET FUNDS | B4: =B14 -> 6717.7409 | C4: =C14 -> 6787.3017
A5: BONDS/FIXED INCOME FUNDS | B5: =B15 -> 230.91694 | C5: =C15 -> 231.69495
A6: DOLLAR FUNDS | B6: =B16 -> 1750.0111 | C6: =C16 -> 1768.6755
A7: REAL ESTATE INVESTMENT TRUST | B7: =B17 -> 520.30622 | C7: =C17 -> 520.58373
A8: BALANCED FUNDS | B8: =B18 -> 199.08054 | C8: =C18 -> 193.26022
A9: ETHICAL FUNDS | B9: =B19 -> 20.571904 | C9: =C19 -> 20.12989
A10: SHARI'AH COMPLAINT FUNDS | B10: =B20 -> 151.99338 | C10: =C20 -> 152.164
A11: SPECIALISED FUNDS | B11: =B21 -> 54.714582 | C11: =C21 -> 54.294982
A13: EQUITY BASED FUNDS | B13: ='Weekly Valuation'!E28/1000000000 -> 239.39694 | C13: ='Weekly Valuation'!O28/1000000000 -> 238.91482
A14: MONEY MARKET FUNDS | B14: ='Weekly Valuation'!E81/1000000000 -> 6717.7409 | C14: ='Weekly Valuation'!O81/1000000000 -> 6787.3017
A15: BONDS/FIXED INCOME FUNDS | B15: ='Weekly Valuation'!E122/1000000000 -> 230.91694 | C15: ='Weekly Valuation'!O122/1000000000 -> 231.69495
A16: DOLLAR FUNDS | B16: ='Weekly Valuation'!E168/1000000000 -> 1750.0111 | C16: ='Weekly Valuation'!O168/1000000000 -> 1768.6755
A17: REAL ESTATE INVESTMENT TRUST | B17: ='Weekly Valuation'!E177/1000000000 -> 520.30622 | C17: ='Weekly Valuation'!O177/1000000000 -> 520.58373
A18: BALANCED FUNDS | B18: ='Weekly Valuation'!E211/1000000000 -> 199.08054 | C18: ='Weekly Valuation'!O211/1000000000 -> 193.26022
A19: ETHICAL FUNDS | B19: ='Weekly Valuation'!E217/1000000000 -> 20.571904 | C19: ='Weekly Valuation'!O217/1000000000 -> 20.12989
A20: SHARI'AH COMPLAINT FUNDS | B20: ='Weekly Valuation'!E246/1000000000 -> 151.99338 | C20: ='Weekly Valuation'!O246/1000000000 -> 152.164
A21: SPECIALISED FUNDS | B21: ='Weekly Valuation'!E256/1000000000 -> 54.714582 | C21: ='Weekly Valuation'!O256/1000000000 -> 54.294982

Sheet Market Share
A1: FUNDS | B1: 46311
A2: ETHICAL FUNDS | B2: ='Weekly Valuation'!O217 -> 2.012989e+10
A3: SPECIALISED FUNDS | B3: ='Weekly Valuation'!O256 -> 5.4294982e+10
A4: SHARI'AH COMPLAINT FUNDS | B4: ='Weekly Valuation'!O246 -> 1.52164e+11
A5: BALANCED FUNDS | B5: ='Weekly Valuation'!O211 -> 1.9326022e+11
A6: EQUITY BASED FUNDS | B6: ='Weekly Valuation'!O28 -> 2.3891482e+11
A7: BONDS/FIXED INCOME FUNDS | B7: ='Weekly Valuation'!O122 -> 2.3169495e+11
A8: REAL ESTATE INVESTMENT TRUST | B8: ='Weekly Valuation'!O177 -> 5.2058373e+11
A9: DOLLAR FUNDS | B9: ='Weekly Valuation'!O168 -> 1.7686755e+12
A10: MONEY MARKET FUNDS | B10: ='Weekly Valuation'!O81 -> 6.7873017e+12

Sheet 8-Week Movement in NAV
A2: DATE | B2: 46262 | C2: 46269 | D2: 46276 | E2: 46283 | F2: 46290 | G2: 46297 | H2: 46304 | I2: 46311
A3: TOTAL NAV | B3: =B4 -> 9550.11 | C3: =C4 -> 9587.358 | D3: =D4 -> 9624.3323 | E3: =E4 -> 9642.4625 | F3: =F4 -> 9711.2672 | G3: =G4 -> 9840.976 | H3: =H4 -> 9884.7325 | I3: =I4 -> 9967.0198
B4: ='NAV Trend'!C11/1000000000 -> 9550.11 | C4: ='NAV Trend'!D11/1000000000 -> 9587.358 | D4: ='NAV Trend'!E11/1000000000 -> 9624.3323 | E4: ='NAV Trend'!F11/1000000000 -> 9642.4625 | F4: ='NAV Trend'!G11/1000000000 -> 9711.2672 | G4: ='NAV Trend'!H11/1000000000 -> 9840.976 | H4: ='NAV Trend'!I11/1000000000 -> 9884.7325 | I4: ='NAV Trend'!J11/1000000000 -> 9967.0198

Sheet 8-Week Movement in ETFs
A2: DATE | B2: 46262 | C2: 46269 | D2: 46276 | E2: 46283 | F2: 46290 | G2: 46297 | H2: 46304 | I2: 46311
A3: ETFs AGGREGATE | B3: =B4 -> 32.027779 | C3: =C4 -> 32.856495 | D3: =D4 -> 32.388754 | E3: =E4 -> 33.188677 | F3: =F4 -> 33.745985 | G3: =G4 -> 33.771849 | H3: =H4 -> 33.361299 | I3: =I4 -> 33.198374
B4: ='NAV Trend'!C17/1000000000 -> 32.027779 | C4: ='NAV Trend'!D17/1000000000 -> 32.856495 | D4: ='NAV Trend'!E17/1000000000 -> 32.388754 | E4: ='NAV Trend'!F17/1000000000 -> 33.188677 | F4: ='NAV Trend'!G17/1000000000 -> 33.745985 | G4: ='NAV Trend'!H17/1000000000 -> 33.771849 | H4: ='NAV Trend'!I17/1000000000 -> 33.361299 | I4: ='NAV Trend'!J17/1000000000 -> 33.198374

Sheet NAV Trend
A1: FUNDS | B1: 46255 | C1: 46262 | D1: 46269 | E1: 46276 | F1: 46283 | G1: 46290 | H1: 46297 | I1: 46304 | J1: 46311
A2: EQUITY BASED FUNDS | B2: 2.3106539e+11 | C2: 2.3050219e+11 | D2: 2.3697828e+11 | E2: 2.3375169e+11 | F2: 2.3781038e+11 | G2: 2.4383606e+11 | H2: 2.4326329e+11 | I2: 2.3939694e+11 | J2: 2.3891482e+11
A3: MONEY MARKET FUNDS | B3: 6.41416e+12 | C3: 6.4370933e+12 | D3: 6.4778669e+12 | E3: 6.4925166e+12 | F3: 6.5136259e+12 | G3: 6.5638763e+12 | H3: 6.6719313e+12 | I3: 6.7177409e+12 | J3: 6.7873017e+12
A4: BONDS/FIXED INCOME FUNDS | B4: 2.3249234e+11 | C4: 2.3336438e+11 | D4: 2.3315134e+11 | E4: 2.3283941e+11 | F4: 2.3215212e+11 | G4: 2.3202648e+11 | H4: 2.3279509e+11 | I4: 2.3091694e+11 | J4: 2.3169495e+11
A5: DOLLAR FUNDS | B5: 1.7708764e+12 | C5: 1.7587403e+12 | D5: 1.7353778e+12 | E5: 1.7419435e+12 | F5: 1.7305418e+12 | G5: 1.7340738e+12 | H5: 1.7461326e+12 | I5: 1.7500111e+12 | J5: 1.7686755e+12
A6: REAL ESTATE INVESTMENT TRUST | B6: 5.1571165e+11 | C6: 5.1601486e+11 | D6: 5.1706604e+11 | E6: 5.1909283e+11 | F6: 5.1941474e+11 | G6: 5.1972845e+11 | H6: 5.2085903e+11 | I6: 5.2030622e+11 | J6: 5.2058373e+11
A7: BALANCED FUNDS | B7: 1.5526223e+11 | C7: 1.5412518e+11 | D7: 1.6355192e+11 | E7: 1.8221536e+11 | F7: 1.8417967e+11 | G7: 1.9101623e+11 | H7: 1.9852092e+11 | I7: 1.9908054e+11 | J7: 1.9326022e+11
A8: ETHICAL FUNDS | B8: 1.9211809e+10 | C8: 1.9190577e+10 | D8: 1.9899618e+10 | E8: 1.9739566e+10 | F8: 2.0281642e+10 | G8: 2.0769351e+10 | H8: 2.0712879e+10 | I8: 2.0571904e+10 | J8: 2.012989e+10
A9: SHARI'AH COMPLAINT FUNDS | B9: 1.4698932e+11 | C9: 1.4758544e+11 | D9: 1.4983203e+11 | E9: 1.484423e+11 | F9: 1.5059493e+11 | G9: 1.5172349e+11 | H9: 1.5239537e+11 | I9: 1.5199338e+11 | J9: 1.52164e+11
A10: SPECIALISED FUNDS | B10: 5.3336377e+10 | C10: 5.3493722e+10 | D10: 5.3634017e+10 | E10: 5.3791006e+10 | F10: 5.3861324e+10 | G10: 5.4217041e+10 | H10: 5.4365457e+10 | I10: 5.4714582e+10 | J10: 5.4294982e+10
A11: TOTAL | B11: =SUM(B2:B10) -> 9.5391055e+12 | C11: =SUM(C2:C10) -> 9.55011e+12 | D11: =SUM(D2:D10) -> 9.587358e+12 | E11: =SUM(E2:E10) -> 9.6243323e+12 | F11: =SUM(F2:F10) -> 9.6424625e+12 | G11: =SUM(G2:G10) -> 9.7112672e+12 | H11: =SUM(H2:H10) -> 9.840976e+12 | I11: =SUM(I2:I10) -> 9.8847325e+12 | J11: =SUM(J2:J10) -> 9.9670198e+12
A13: MOVING AVERAGE: | B13: - | C13: =(B11+C11)/2 -> 9.5446077e+12 | D13: =(C11+D11)/2 -> 9.568734e+12 | E13: =(D11+E11)/2 -> 9.6058452e+12 | F13: =(E11+F11)/2 -> 9.6333974e+12 | G13: =(F11+G11)/2 -> 9.6768648e+12 | H13: =(G11+H11)/2 -> 9.7761216e+12 | I13: =(H11+I11)/2 -> 9.8628542e+12 | J13: =(I11+J11)/2 -> 9.9258761e+12
A16: FUND | B16: 46255 | C16: 46262 | D16: 46269 | E16: 46276 | F16: 46283 | G16: 46290 | H16: 46297 | I16: 46304 | J16: 46311
A17: EXCHANGE TRADED FUNDS (ETFs) | B17: 3.1723704e+10 | C17: 3.2027779e+10 | D17: 3.2856495e+10 | E17: 3.2388754e+10 | F17: 3.3188677e+10 | G17: 3.3745985e+10 | H17: 3.3771849e+10 | I17: 3.3361299e+10 | J17: 3.3198374e+10
